 Dungeon Crawl Stone Soup version 0.18-a0-1577-gf591c28 (webtiles) character file.

18650 M4edhros the Unseen (level 12, -2/74 HPs)
             Began as an Octopode Artificer on Mar 24, 2016.
             Was the Champion of Dithmenos.
             Slain by an ancient zyme (11 damage)
             ... on level 2 of the Abyss.
             The game lasted 00:42:26 (15911 turns).

M4edhros the Unseen (Octopode Artificer)           Turns: 15911, Time: 00:42:27

Health: -2/74      AC:  4    Str: 10      XL:     12   Next: 60%
Magic:  23/23      EV: 22    Int: 13      God:    Dithmenos [******]
Gold:   597        SH:  0    Dex: 18 (19) Spells: 4 memorised, 3 levels left

rFire  + + .     SeeInvis .     t - +4 trident
rCold  + . .     Gourm    .     (no shield)
rNeg   . . .     Faith    .     C - +2 hat
rPois  +         Spirit   .     N - amulet of regeneration
rElec  +         Dismiss  .     D - ring of magical power
rCorr  +         Reflect  .     w - ring of protection from fire
SustAt .         Harm     .     H - +2 ring of dexterity
MR     .....                    (no ring)
Stlth  ++++++++++               (no ring)
                                (no ring)
                                (no ring)
                                (no ring)

@: resistant, non-regenerating, diseased, wreathed by umbra, not resistant to
hostile enchantments, uncannily stealthy
A: almost no armour, amphibious, 8 rings, constrict 8, repulsion field 1, rugged
brown scales 1, camouflage 1, blink, deterioration 1, dopey 1, screaming 1,
gelatinous body 1
a: Blink, Shadow Step, Shadow Form, Renounce Religion


You were on level 2 of the Abyss.
You worshipped Dithmenos.
Dithmenos was exalted by your worship.
You were very hungry.

You visited 2 branches of the dungeon, and saw 17 of its levels.
You visited the Abyss 1 time.
You also visited: Labyrinth, Ossuary and Volcano.

You collected 597 gold pieces.

Inventory:

Hand Weapons
 j - a +0 blowgun
 t - a +4 trident (weapon)
 F - a +4 hunting sling of freezing
 U - a +3 morningstar of holy wrath
Missiles
 k - 40 poisoned needles
 m - 622 stones (quivered)
 r - 49 sling bullets
 x - 8 steel javelins
 K - a throwing net
 P - 7 exploding sling bullets
Armour
 C - a +2 hat (worn)
Rods
 T - a +4 iron rod (12/12)
   (You found it in a labyrinth)
Jewellery
 b - a cursed amulet of inaccuracy {unknown}
 e - an uncursed amulet of guardian spirit
 w - a ring of protection from fire (right tentacle)
 D - a ring of magical power (left tentacle)
 H - a +2 ring of dexterity (on tentacle)
 I - a +4 amulet of reflection
 N - an amulet of regeneration (around mantle)
 R - an uncursed amulet of harm
Wands
 c - a wand of enslavement (15/24)
 d - a wand of confusion (20/48)
 p - a wand of heal wounds (0/9)
 s - a wand of iceblast (6/15)
 y - a wand of confusion (2/48)
 O - a wand of polymorph (6/24)
 W - a wand of digging (8/24)
Scrolls
 a - a scroll of identify
 n - a scroll of amnesia
 v - a scroll of recharging
 Q - a scroll of fog
Potions
 g - 2 potions of brilliance
 o - 3 potions of flight
 A - a potion of magic
 E - 3 potions of cancellation
Books
 i - a book of Callings

   Spells                             Type                      Level
   a - Summon Small Mammal            Summoning                    1
   b - Call Imp                       Summoning                    2
   c - Call Canine Familiar           Summoning                    3
   d - Summon Guardian Golem          Hexes/Summoning              3
   e - Summon Lightning Spire         Summoning/Air                4
   f - Summon Ice Beast               Ice/Summoning                4
 B - a book of Party Tricks

   Spells                             Type                      Level
   a - Summon Butterflies             Summoning                    1
   b - Apportation                    Translocation                1
   c - Tukima's Dance                 Hexes                        3
   d - Alistair's Intoxication        Transmutation/Poison         5
   e - Invisibility                   Hexes                        6
 V - a book of the Earth

   Spells                             Type                      Level
   a - Leda's Liquefaction            Hexes/Earth                  4
   b - Bolt of Magma                  Conjuration/Fire/Earth       5
   c - Statue Form                    Transmutation/Earth          6
   d - Iron Shot                      Conjuration/Earth            6
   e - Shatter                        Earth                        9
Miscellaneous
 J - a fan of gales (inert)
 M - a sack of spiders {used: 4}
Comestibles
 f - 13 bread rations
 h - 5 meat rations
 l - 2 slices of pizza
 z - 6 fruits
 G - 7 beef jerkies


   Skills:
 + Level 2.6 Fighting
   Level 1.0 Short Blades
 + Level 10.4 Polearms
 - Level 5.3 Slings
 + Level 10.4 Dodging
 + Level 15.3 Stealth
 + Level 1.5 Spellcasting
 * Level 4.1 Transmutations
 * Level 3.9 Earth Magic
 - Level 3.2 Evocations


You had 3 spell levels left.
You knew the following spells:

 Your Spells              Type           Power        Failure   Level  Hunger
a - Tukima's Dance        Hex            #.......     86%         3    ####...
b - Summon Butterflies    Summ           #.......     30%         1    ##.....
c - Statue Form           Trmt/Erth      ##.......    100%        6    #######
d - Apportation           Tloc           #.........   30%         1    ##.....


Dungeon Overview and Level Annotations

Branches:
Dungeon (13/15)            Temple (0/1) D:5            Lair (4/8) D:9
    Orc (0/2) D:11
  Swamp: Lair:3-6    Shoals: Lair:3-6     Snake: Lair:3-6    Spider: Lair:3-6
 Vaults: D:13-14

Altars:
Ashenzari
Cheibriados
Dithmenos
Elyvilon
Fedhas
Kikubaaqudgha
Makhleb
Pakellas
Qazlal
Sif Muna
Trog
Xom
Yredelemnul
Zin

Shops:
D:7 :

Annotations:
D:5 Grinder
D:9 2 runed doors


Innate Abilities, Weirdness & Mutations

You cannot wear most types of armour.
You are amphibious.
You can wear up to eight rings at the same time.
You can use your tentacles to constrict eight enemies at once.
Your skin changes colour to match your surroundings (Stealth).
Your rubbery body absorbs attacks (AC +1).
You are surrounded by a mild repulsion field (EV +2).
You are partially covered in rugged brown scales (AC +1, +3% HP).
You can translocate small distances at will.
Your body sometimes deteriorates upon taking damage.
You are dopey. (Int -2)
You occasionally shout uncontrollably at your foes.


Message History

Okay, then.
Evoke which item? (* to show all) (? for menu, Esc to quit)
You reach into the bag... ...and things crawl out!
You constrict the raiju.
The raiju bursts into living lightning!
The living lightning misses you.
The living lightning hits your soldier ant. x2
Your soldier ant dies!
Your soldier ant's corpse disappears in a puff of smoke!
The living lightning misses you.
The raiju struggles to blink free from constriction.
The raiju blinks free!
Unknown command.
Evoke which item? (* to show all) (? for menu, Esc to quit)
You reach into the bag... ...and things crawl out!
The raiju is caught in a web!
The ancient zyme closely misses you. x2
Your soldier ant looks sick.
You hit the raiju. You grab the raiju.
The raiju is almost dead.
You constrict the raiju. The ancient zyme hits you!
You die...

# h. .# .. .. .#. ..
#### #.# ###.##.###..
... ..# ##. ..#....#
.. ...#
..#...#.#.##.###..#..
# #.....##..#... #
.... #....h....# .
.## #.##.#.x##. # ##.
........#@# ..#.
.#..#.#.###h.#
#....## #.#.# .a#
##.##.# #.#.# ###
.##.## .#### # . # .#
#


You could see an ancient zyme, 2 raiju and a friendly soldier ant.

Vanquished Creatures
  Gastronok (D:8)
  A minotaur (Lab)
  A hydra (Lair:1)
  Pikel (D:8)
  2 ugly things
  The ghost of M4edhros the Covert, a novice OpAr of Xom (D:6)
  2 black mambas
  A smoke demon (Abyss:2)
  A spiny frog (Lair:2)
  An orange demon (Abyss:2)
  2 komodo dragons
  A two-headed ogre (D:11)
  A slime creature (D:12)
  A raiju (Abyss:2)
  16 yaks
  2 shadows (Lab)
  Sigmund (D:2)
  A wyvern (D:9)
  A basilisk (Lair:3)
  A steam dragon (D:10)
  2 hippogriffs
  2 hungry ghosts
  An insubstantial wisp (Abyss:2)
  4 porcupines
  5 water moccasins
  2 ice beasts
  A slave (D:8)
  4 orc warriors
  4 black bears
  3 sky beasts
  2 necrophages (D:7)
  4 ogres
  2 phantoms
  11 wolves
  7 centaurs
  5 crocodiles
  A big kobold (D:8)
  15 giant frogs
  6 scorpions
  8 killer bees
  An electric eel (D:12)
  3 howler monkeys
  6 crimson imps
  2 centaur zombies
  2 human zombies (Ossuary)
  3 orc priests
  5 hounds
  A jelly (D:5)
  A gnoll shaman (D:4)
  Crazy Yiuf (D:4)
  A giant frog skeleton (D:9)
  Terence (D:2)
  7 iguanas
  11 orc wizards
  9 worker ants
  A big kobold zombie (Ossuary)
  A hound skeleton (D:6)
  A howler monkey zombie (D:8)
  A mummy (Ossuary)
  2 worker ant zombies
  Robin (D:4)
  2 gnolls (D:4)
  11 adders
  14 river rats
  A shadow imp (D:9)
  An adder skeleton (D:7)
  2 worms (D:4)
  2 dart slugs
  2 giant geckos
  38 orcs
  5 ball pythons
  4 giant cockroaches
  11 goblins
  6 hobgoblins
  6 jackals
  5 quokkas
  15 bats
  3 giant newts
  3 goblin zombies (Ossuary)
  11 hobgoblin zombies (Ossuary)
  A jackal skeleton (D:6)
  12 kobolds
  8 kobold zombies (Ossuary)
  7 orc zombies (Ossuary)
  A quokka skeleton (D:4)
  A quokka zombie (D:10)
  14 rats
  A rat zombie (Ossuary)
376 creatures vanquished.

Vanquished Creatures (collateral kills)
  An ice beast (D:11)
  2 gnolls (D:4)
  4 orcs (D:5)
  A hobgoblin zombie (Ossuary)
8 creatures vanquished.

Vanquished Creatures (others)
  3 slaves (D:8)
  A centaur zombie (Ossuary)
  2 orc wizards (D:8)
  A mummy (Ossuary)
  A giant gecko (D:8)
  3 orcs (D:8)
  15 fungi
  6 plants
32 creatures vanquished.

Grand Total: 416 creatures vanquished

Notes
Turn   | Place    | Note
--------------------------------------------------------------
     0 | D:1      | M4edhros the Octopode Artificer began the quest for the Orb.
     0 | D:1      | Reached XP level 1. HP: 13/13 MP: 3/3
    55 | D:1      | Reached skill level 2 in Stealth
   126 | D:1      | Reached XP level 2. HP: 16/18 MP: 4/4
   208 | D:1      | Reached skill level 3 in Stealth
   472 | D:2      | Found a faded altar to an unknown god.
   490 | D:2      | Became a worshipper of Dithmenos the Shadowed
   490 | D:2      | Reached * piety under Dithmenos
   585 | D:2      | Reached XP level 3. HP: 23/23 MP: 5/5
   590 | D:2      | Noticed Terence
   604 | D:2      | Killed Terence
   604 | D:2      | Reached skill level 1 in Slings
   823 | D:2      | Noticed Sigmund
   832 | D:2      | Killed Sigmund
   832 | D:2      | Reached skill level 5 in Stealth
   832 | D:2      | Reached XP level 4. HP: 21/28 MP: 6/6
   832 | D:2      | Reached XP level 5. HP: 24/33 MP: 7/7
  1288 | D:3      | Found a basalt altar of Yredelemnul.
  1291 | D:3      | Found a blossoming altar of Fedhas.
  1348 | D:3      | Reached XP level 6. HP: 38/38 MP: 8/8
  1372 | D:3      | Reached skill level 6 in Stealth
  1472 | D:3      | Reached ** piety under Dithmenos
  1955 | D:4      | Reached skill level 1 in Polearms
  2150 | D:4      | Noticed Crazy Yiuf
  2159 | D:4      | Killed Crazy Yiuf
  2375 | D:4      | Noticed Robin
  2381 | D:4      | Reached XP level 7. HP: 43/43 MP: 9/9
  2385 | D:4      | Killed Robin
  2713 | D:4      | Reached skill level 7 in Stealth
  3129 | D:5      | Entered Level 5 of the Dungeon
  3132 | D:5      | Noticed Grinder
  3141 | D:5      | Reached *** piety under Dithmenos
  3297 | D:5      | Found a staircase to the Ecumenical Temple.
  3362 | D:5      | Found a sand-covered staircase.
  3371 | Ossuary  | Entered an ossuary
  3614 | Ossuary  | Reached **** piety under Dithmenos
  4018 | D:5      | Reached skill level 8 in Stealth
  4511 | D:6      | Reached XP level 8. HP: 42/48 MP: 10/10
  4822 | D:6      | Found a white marble altar of Elyvilon.
  4824 | D:6      | Noticed M4edhros's ghost (novice OpAr)
  4848 | D:6      | Killed M4edhros's ghost
  4848 | D:6      | Reached skill level 9 in Stealth
  4861 | D:6      | Reached skill level 5 in Polearms
  5249 | D:6      | Reached skill level 5 in Dodging
  5419 | D:6      | Reached XP level 9. HP: 38/53 MP: 11/11
  5535 | D:7      | Reached skill level 10 in Stealth
  5864 | D:7      | Found a shattered altar of Ashenzari.
  5970 | D:7      | Found Qayru's Book Boutique.
  6127 | D:7      | Reached skill level 5 in Slings
  6130 | D:7      | Found a deep blue altar of Sif Muna.
  6471 | D:8      | Noticed Pikel
  6577 | D:8      | Found a burning altar of Makhleb.
  6582 | D:8      | Found a glowing silver altar of Zin.
  6582 | D:8      | Noticed an angel
  6583 | D:8      | Noticed a balrug
  7125 | D:8      | Killed Pikel
  7125 | D:8      | Reached skill level 11 in Stealth
  7170 | D:7      | Reached XP level 10. HP: 58/58 MP: 12/12
  7179 | D:8      | Noticed Gastronok
  7543 | D:8      | Found a snail-covered altar of Cheibriados.
  7922 | D:8      | Killed Gastronok
  7922 | D:8      | Reached skill level 12 in Stealth
  8487 | D:9      | Found a bloodstained altar of Trog.
  8859 | D:9      | Reached skill level 13 in Stealth
  8906 | D:9      | Found an ancient bone altar of Kikubaaqudgha.
  9005 | D:9      | Found a shimmering altar of Xom.
  9008 | D:9      | Found a stormy altar of Qazlal.
  9019 | D:9      | Reached ***** piety under Dithmenos
  9076 | D:9      | Learned a level 3 spell: Tukima's Dance
  9078 | D:9      | Learned a level 1 spell: Summon Butterflies
  9324 | D:9      | Reached XP level 11. HP: 58/63 MP: 13/13
  9337 | D:9      | Gained mutation: Your muscles are strong. (Str +2) [mutagenic meat]
  9338 | D:9      | Gained mutation: Your spells are a little easier to cast, but a little less powerful. [mutagenic meat]
  9339 | D:9      | Gained mutation: You are surrounded by a mild repulsion field (EV +2). [mutagenic meat]
  9341 | D:9      | Lost mutation: Your spells are a little easier to cast, but a little less powerful. [mutagenic meat]
  9358 | D:9      | Found an oddly glowing altar of Pakellas.
  9548 | D:9      | Gained mutation: Your body sometimes deteriorates upon taking damage. [mutagenic meat]
  9549 | D:9      | Lost mutation: Your body sometimes deteriorates upon taking damage. [mutagenic meat]
  9550 | D:9      | Gained mutation: Your body sometimes deteriorates upon taking damage. [mutagenic meat]
  9551 | D:9      | Gained mutation: You are partially covered in rugged brown scales (AC +1, +3% HP). [mutagenic meat]
  9553 | D:9      | Lost mutation: Your body sometimes deteriorates upon taking damage. [mutagenic meat]
  9804 | D:9      | Found a staircase to the Lair.
  9919 | D:9      | Found a large runed door.
  9919 | D:9      | Found a large runed door.
 10085 | D:9      | Found a large runed door.
 10086 | D:9      | Found a large runed door.
 10406 | D:9      | Noticed a cyan ugly thing
 10434 | D:9      | Killed a cyan ugly thing
 10434 | D:9      | Reached skill level 14 in Stealth
 10807 | D:10     | Entered Level 10 of the Dungeon
 11255 | D:10     | You fall through a shaft for 3 floors!
 11270 | D:13     | Gained mutation: You can translocate small distances at will. [mutagenic meat]
 11271 | D:13     | Lost mutation: Your muscles are strong. (Str +2) [mutagenic meat]
 11610 | D:11     | Found a staircase to the Orcish Mines.
 11845 | D:11     | Noticed a purple ugly thing
 11864 | D:11     | Killed a purple ugly thing
 11868 | D:11     | Gained mutation: You are dopey. (Int -2) [mutagenic meat]
 11869 | D:11     | Gained mutation: Your body sometimes deteriorates upon taking damage. [mutagenic meat]
 11870 | D:11     | Gained mutation: You occasionally shout uncontrollably at your foes. [mutagenic meat]
 12386 | Lair:1   | Entered Level 1 of the Lair of Beasts
 12398 | Lair:1   | Found a labyrinth entrance.
 12408 | Lab      | Entered a labyrinth
 13586 | Lab      | Noticed a minotaur
 13647 | Lab      | Killed a minotaur
 13647 | Lab      | Reached skill level 10 in Dodging
 13787 | Lair:1   | Learned a level 6 spell: Statue Form
 13810 | Lair:1   | Reached skill level 10 in Polearms
 13960 | Lair:1   | Reached skill level 1 in Transmutations
 14142 | Lair:1   | Reached XP level 12. HP: 61/71 MP: 14/14
 14154 | Lair:1   | Reached skill level 15 in Stealth
 14154 | Lair:1   | Reached skill level 1 in Earth Magic
 14461 | Lair:1   | Noticed a five-headed hydra
 14467 | Lair:1   | Killed a five-headed hydra
 14973 | Lair:2   | You fall through a shaft for 2 floors!
 14974 | Lair:4   | Noticed a six-headed hydra
 15028 | Lair:3   | Reached skill level 1 in Spellcasting
 15254 | Lair:3   | Reached ****** piety under Dithmenos
 15386 | Lair:3   | Found a dark tunnel.
 15442 | Volcano  | Entered a volcano
 15632 | Volcano  | Found a burning altar of Makhleb.
 15632 | Volcano  | Noticed an ogre mage
 15652 | Volcano  | Cast into level 2 of the Abyss (an ogre mage)
 15710 | Abyss:2  | Noticed a tentacled starspawn
 15769 | Abyss:2  | Learned a level 1 spell: Apportation
 15799 | Abyss:2  | Noticed a balrug
 15810 | Abyss:2  | Noticed a thrashing horror
 15847 | Abyss:2  | Noticed a starcursed mass
 15851 | Abyss:2  | Noticed a wretched star
 15855 | Abyss:2  | Noticed a wretched star
 15911 | Abyss:2  | Slain by an ancient zyme

Vault maps used:
D:1:      matt_arrival_grand_opening
D:2:      ecumenical_altar_2, uniq_sigmund, uniq_terence
D:3:      nicolae_overflow_hidden_temple, first_bread
D:4:      kennysheep_big_flooded_room, uniq_crazy_yiuf_cottage, uniq_robin
D:5:      minmay_temple_entry_purple_smoke,
          lightli_ossuary_entry_decrepit_ruins, serial_bayou_pond_a,
          dk_rats_in_the_wall, uniq_grinder
D:6:      elyvilon_altar_5
D:7:      lemuel_crystal_altar, serial_shops, shop_fountains, basic_altar,
          minmay_holes, minivault_25, hangedman_decor_points, grunt_ogre_cave
D:8:      grunt_temple_overflow_order_and_chaos_2, basic_altar, uniq_gastronok,
          uniq_pikel
D:9:      overflow_temple_1_default, grunt_temple_overflow_cloverleaf,
          grunt_lair_entry_orc_guard_hut, minmay_hollow_rounded_squares
D:11:     orc_0_dummy, serial_co_window_serial, co_window_paths_b,
          co_window_corner_a, co_window_paths_b, co_window_corner_a,
          co_window_paths_a, co_window_broadway_b, co_window_of_opportunity_b,
          co_window_of_opportunity_b, co_window_paths_c, co_window_paths_e,
          glass_columns_a, glass_columns_a, glass_columns_a, glass_columns_b,
          moated_statue
D:13:     kennysheep_spiral_hall, grunt_vaults_entry_fortified,
          minmay_misc_feat_five
Lair:1:   lab_entry_generic, st_stairs_6, grunt_forest_stairs_basic,
          serial_bayou_shore_b
Lair:2:   grunt_megastairs_2
Lair:3:   nicolae_volcano_entry_two_sided
Lair:4:   special_room, serial_bayou_shore_a, uniq_urug
Lab:      nicolae_lab_flowing_pool
Ossuary:  ossuary_tomb_1
Volcano:  volcano_lake

Skill      XL: |  1  2  3  4  5  6  7  8  9 10 11 12 |
---------------+-------------------------------------+-----
Stealth        | 2 3 5 6 8 9 11 13 14 15 | 15.3
Slings         | 2 3 4 5 |  5.3
Dodging        | 3 4 5 6 8 10 | 10.4
Polearms       | 2 3 5 7 9 10 | 10.4
Transmutations | 1 4 |  4.1
Earth Magic    | 3 |  3.9
Fighting       | 2 |  2.6
Spellcasting   | 1 |  1.5
Short Blades   | |  1.0
Evocations     | |  3.2

Action                   |  1- 3 |  4- 6 |  7- 9 | 10-12 || total
-------------------------+-------+-------+-------+-------++-------
Melee: Short sword       |    47 |    35 |       |       ||    82
       Trident           |       |    51 |   170 |   704 ||   925
       Mace              |       |    24 |   170 |       ||   194
       Rapier            |       |       |    18 |     4 ||    22
 Fire: Hunting sling     |     6 |       |       |   113 ||   119
       Blowgun           |       |       |       |    26 ||    26
 Cast: Apportation       |       |       |       |     3 ||     3
Invok: Shadow Step       |       |       |     1 |     1 ||     2
 Abil: Blink             |       |       |       |     2 ||     2
Evoke: Wand              |       |       |    12 |     6 ||    18
       Sack of spiders   |       |       |       |     5 ||     5
       Fan of gales      |       |       |       |     2 ||     2
  Use: Scroll            |       |    10 |     9 |    16 ||    35
       Potion            |       |     1 |     9 |     6 ||    16
 Stab: Sleeping          |     6 |    18 |    36 |    35 ||    95
       Distracted        |       |       |     1 |    12 ||    13
       Confused          |       |       |     4 |     2 ||     6
  Eat: Chunk             |       |     5 |    13 |    41 ||    59
       Royal jelly       |       |       |     1 |       ||     1
       Beef jerky        |       |       |       |     1 ||     1
       Pizza             |       |       |       |     3 ||     3
